 Dungeon Crawl Stone Soup version 0.23-a0-565-g3e74e4c (webtiles) character file.

137 galech the Skirmisher (level 5, -7/42 HPs)
             Began as a Demonspawn Fighter on Dec 13, 2018.
             Killed by divine providence
             ... invoked by an orc priest
              (12 damage)
             ... on level 3 of the Dungeon.
             The game lasted 00:02:41 (2006 turns).

galech the Skirmisher (Demonspawn Fighter)          Turns: 2006, Time: 00:02:42

Health: -7/42      AC: 10    Str: 16    XL:     5   Next: 0%
Magic:  5/5        EV:  5    Int: 10    God:
Gold:   91         SH:  9    Dex: 13    Spells: 4/4 levels left

rFire    . . .     SeeInvis .   a - +0 war axe
rCold    . . .     Gourm    .   c - +0 shield
rNeg     . . .     Faith    .   l - +0 chain mail
rPois    .         Spirit   .   (no helmet)
rElec    .         Reflect  .   (no cloak)
rCorr    .         Harm     .   (no gloves)
MR       .....                  j - +0 pair of boots
Stlth    ..........             (no amulet)
HPRegen  0.14/turn              (no ring)
MPRegen  0.09/turn              (no ring)

@: no status effects
A: hooves 1, powered by death 1
a: no special abilities


You were on level 3 of the Dungeon.
You were not hungry.

You visited 1 branch of the dungeon, and saw 3 of its levels.

You collected 91 gold pieces.

Inventory:

Hand Weapons
 a - a +0 war axe (weapon)
Armour
 c - a +0 shield (worn)
 j - a +0 pair of boots (worn)
 l - a +0 chain mail (worn)
Scrolls
 b - a scroll of amnesia {unknown}
 g - a scroll of identify {unknown}
 h - a scroll of random uselessness {unknown}
 i - a scroll of enchant armour {unknown}
 n - a scroll of blinking {unknown}
 o - 2 scrolls of teleportation {unknown}
 p - 2 scrolls of noise {unknown}
 q - a scroll of magic mapping {unknown}
 r - 4 scrolls of remove curse {unknown}
Potions
 d - a potion of might
 e - 2 potions of degeneration {unknown}
 k - 2 potions of cancellation {unknown}
 m - 2 potions of curing {unknown}
 s - 2 potions of berserk rage {unknown}
Comestibles
 f - 6 rations
 t - 2 chunks of flesh


   Skills:
 + Level 3.7 Fighting
 + Level 3.0 Axes
 + Level 3.0 Armour
 + Level 1.3 Dodging
 + Level 3.3 Shields


You had 4 spell levels left.
You didn't know any spells.
Your spell library was empty.

Dungeon Overview and Level Annotations

Branches:
Dungeon (3/15)

Altars:


Innate Abilities, Weirdness & Mutations

You have large cloven feet.
You regenerate a little health from kills.


Message History

The orc priest is moderately wounded.
The orc priest hits you with a +0 flail.
You hit the orc priest but do no damage.
The orc priest is moderately wounded.
The orc priest mumbles some strange prayers to Beogh against you.
Beogh smites you!
* * * LOW HITPOINT WARNING * * *
You closely miss the orc priest.
The orc priest is moderately wounded.
The orc priest hits you but does no damage.
You hit the orc priest.
The orc priest is heavily wounded.
The orc priest completely misses you.
You hit the orc priest.
The orc priest is severely wounded.
The orc priest hits you with a +0 flail.
* * * LOW HITPOINT WARNING * * *
The orc priest calls down the wrath of Beogh upon you.
Beogh smites you!
You die...

#.# #.#
#.# #.#
#.# #.#
#.# #.#
#.# #.#
#.# #.#
#.# #.#
#.# #.#
#.# #@#
..# #o#
..# #o#
..#####
#.#
.......
#.#
).####
#.#
..######
#.#
........
..#
.#######


You could see an orc priest and an orc.

Vanquished Creatures
  6 gnolls (D:2)
  An adder (D:3)
  A worm (D:2)
  3 dart slugs (D:1)
  3 orcs (D:3)
  8 bats
  A giant cockroach (D:2)
  4 goblins
  11 hobgoblins
  4 jackals (D:2)
  4 kobolds
  3 ball pythons
  2 frilled lizards
  5 rats
56 creatures vanquished.

Notes
Turn   | Place    | Note
-------+----------+-------------------------------------------
     0 | D:1      | galech the Demonspawn Fighter began the quest for the Orb.
     0 | D:1      | Reached XP level 1. HP: 18/18 MP: 1/1
    27 | D:1      | Gained mutation: You regenerate a little health from kills.
                  | [demonic ancestry]
    27 | D:1      | Reached XP level 2. HP: 13/24 MP: 2/2
   502 | D:1      | Reached XP level 3. HP: 29/29 MP: 3/3
  1104 | D:2      | Reached skill level 1 in Dodging
  1107 | D:2      | Reached XP level 4. HP: 21/35 MP: 4/4
  1997 | D:3      | Gained mutation: You have large cloven feet. [demonic
                  | ancestry]
  1997 | D:3      | Reached XP level 5. HP: 34/42 MP: 5/5
  2006 | D:3      | Killed from afar by an orc priest

Vault maps used:
D:1:      zelgadis_glass_arrival_small
D:3:      grunt_temple_overflow_open, grunt_temple_overflow_diamond

Skill      XL: |  1  2  3  4 |
---------------+-------------+-----
Axes           | 2 3 |  3.0
Shields        | 3 |  3.3
Dodging        | 1 |  1.3
Armour         | 3 |  3.0
Fighting       | |  3.7

Action                   |  1- 3 |  4- 6 || total
-------------------------+-------+-------++-------
Melee: War axe           |   113 |    76 ||   189
  Eat: Chunk             |     1 |     3 ||     4
Armor: Scale mail        |    21 |       ||    21
       Chain mail        |    55 |    41 ||    96
Dodge: Dodged            |    29 |    15 ||    44
Block: Shield            |    65 |    53 ||   118

Table legend:
 A = Non-vault XP
 B = Vault XP
 C = Vault XP percentage of total XP
 D = Non-vault monster count
 E = Vault monster count
 F = Vault count percentage of total count
                 A         B        C        D         E       F
            +---------+---------+-------+---------+---------+-------
      Total |     196 |       0 |   0.0 |      56 |       0 |   0.0
            +---------+---------+-------+---------+---------+-------
        D:1 |      49 |       0 |   0.0 |      25 |       0 |   0.0
        D:2 |     120 |       0 |   0.0 |      24 |       0 |   0.0
        D:3 |      27 |       0 |   0.0 |       7 |       0 |   0.0
            +---------+---------+-------+---------+---------+-------
